 Dungeon Crawl Stone Soup version 0.28.0-49-g6dfe1f597d (webtiles) character file.

Game seed: 7142714850190055854

206 FailedNDead the Cudgeller (level 5, -1/32 HPs)
             Began as a Gargoyle Gladiator on May 14, 2022.
             Was an Initiate of Qazlal.
             Slain by a gnoll
             ... wielding a +0 halberd
              (12 damage)
             ... on level 4 of the Dungeon.
             The game lasted 00:19:24 (3778 turns).

FailedNDead the Cudgeller (Gargoyle Gladiator)      Turns: 3778, Time: 00:19:24

Health: -1/32      AC: 10    Str: 20    XL:     5   Next: 84%
Magic:  5/5        EV:  6    Int:  6    God:    Qazlal [......]
Gold:   33         SH:  0    Dex:  9    Spells: 4/4 levels left

rFire   + + .      SeeInvis .   y - +0 rapier
rCold   . . .      Faith    .   (no shield)
rNeg    + . .      Spirit   .   q - +0 plate armour
rPois   ∞          Reflect  .   c - +0 helmet
rElec   +          Harm     .   i - scarf {rC+ rF+}
rCorr   .          Rampage  .   (no gloves)
Will    .....                   (no boots)
Stlth   ..........              (no amulet)
HPRegen 0.10/turn               Q - ring of fire
MPRegen 0.09/turn               (no ring)

@: unable to read
A: sickness immunity, AC +4, negative energy resistance 1, electricity
resistance, torment resistance 1, petrification resistance, clumsy 1, deformed
body, dopey 1, inability to read while threatened
a: Renounce Religion


You were on level 4 of the Dungeon.
You worshipped Qazlal.
Qazlal was noncommittal.
You visited 1 branch of the dungeon, and saw 4 of its levels.

You collected 33 gold pieces.

Inventory:

Hand Weapons
 a - a +0 flail
 f - a +0 whip
 g - a +0 club
 k - a +0 flail
 l - a +0 dagger
 m - a +0 hunting sling
 n - a +0 club
 p - a +0 dagger
 s - a +0 dagger
 t - a +0 club
 u - a +0 dagger
 x - a +0 hand axe
 y - a +0 rapier (weapon)
 A - a +0 dagger
 B - a +0 short sword
 C - a +1 dagger of speed
 E - a +0 dagger
 F - a +0 dagger
 G - a +0 dagger
 H - a +0 dagger
 I - a +0 club
 J - a +0 dagger
 K - a +0 dagger
 L - a +0 mace
 P - a +0 dagger
 W - a +0 spear
Missiles
 d - 3 throwing nets
 e - 47 stones (quivered)
 r - 15 bolts
 v - 28 arrows
 R - 7 poisoned darts
Armour
 b - a +0 leather armour
 c - a +0 helmet (worn)
 i - a scarf of resistance (worn)
 o - a +0 robe
 q - a +0 plate armour (worn)
 D - a +0 leather armour
 M - a +0 animal skin
 N - a +0 helmet
 U - a +0 scale mail
 Y - a +0 ring mail
Jewellery
 Q - a ring of fire (left hand)
Wands
 X - a wand of mindburst (7)
Scrolls
 h - a scroll of identify
 w - a scroll of amnesia
 S - a scroll of holy word {unknown}
 T - a scroll of immolation
 V - a scroll of magic mapping {unknown}
Potions
 j - a potion of mutation {unknown}
 z - a potion of haste {unknown}
 O - a potion of ambrosia {unknown}
 Z - a potion of curing


   Skills:
 + Level 3.2 Fighting
 + Level 2.0 Short Blades
 + Level 3.8 Maces & Flails
 + Level 1.8 Throwing
 + Level 2.0 Armour
 + Level 3.0 Dodging
 * Level 1.8 Stealth


You had 4 spell levels left.
You didn't know any spells.
Your spell library contained the following spells:

 Spells                   Type           Power      Damage    Failure   Level
 Gell's Gravitas          Tloc           0%         N/A       100%        3
 Lesser Beckoning         Tloc           0%         N/A       100%        3
 Teleport Other           Tloc           0%         N/A       100%        3


Dungeon Overview and Level Annotations

Branches:
Dungeon (4/15)
 Temple: D:4-7

Altars:
Qazlal
Xom


Innate Abilities, Weirdness & Mutations

You are immune to sickness and miasma.
Your stone body is resilient. (AC +4)
You are immune to poison.
You resist negative energy. (rN+)
You are resistant to electric shocks. (rElec)
You are resistant to unholy torment.
You are immune to petrification.
You are clumsy. (Dex -2)
Armour fits poorly on your strangely shaped body.
You are dopey. (Int -2)
You sometimes lose the ability to read scrolls when taking damage.


Message History

HP restored.
You see here a +0 dagger.
Found a stone staircase leading down.
A gnoll and a hobgoblin come into view.
The hobgoblin shouts!
You hear a shout!
You hear an angry hiss.
There is a stone staircase leading down here.
The hobgoblin barely misses you.
You barely miss the hobgoblin.
A gnoll comes into view. It is wielding a +0 club.
The hobgoblin hits you but does no damage.
The gnoll barely misses you.
You hit the hobgoblin but do no damage.
The hobgoblin hits you but does no damage.
The gnoll barely misses you.
You hit the hobgoblin.
The hobgoblin is heavily wounded.
The hobgoblin hits you.
The gnoll hits you from afar with a +0 halberd.
You closely miss the hobgoblin.
The hobgoblin is heavily wounded.
The hobgoblin hits you but does no damage.
The gnoll hits you but does no damage.
The hobgoblin hits you but does no damage.
You hit the hobgoblin.
You kill the hobgoblin!
Qazlal accepts your kill.
The gnoll hits you from afar with a +0 halberd.
The gnoll hits you but does no damage.
You puncture the gnoll!
The gnoll is heavily wounded.
The gnoll hits you but does no damage. The gnoll hits you with a +0 halberd!
You feel threatened and lose the ability to read scrolls!
The gnoll hits you but does no damage. "Over there now!"
The gnoll blinks!
Unknown command.
You barely miss the gnoll.
The gnoll is heavily wounded.
The gnoll hits you with a +0 halberd!
You die...

#...# ###.#.#
#...#.# #.###.#
#.# #.# #.# #.#
#.# #.#
#########g###.#
......g@.>..#.#
......§.#.#.#.#
##........#.#.#
#+###..### #.#
......# #)#
.....# #.#
.....# .#.#
......###.#.#
#..#.. #.#


You could see 2 gnolls.

Vanquished Creatures
  A howler monkey (D:3)
  An iguana (D:3)
  Terence (D:3)
  Robin (D:3)
  An adder (D:2)
  A worm (D:3)
  2 dart slugs (D:1)
  An orc (D:2)
  6 ball pythons
  5 endoplasms
  3 giant cockroaches
  12 goblins
  7 hobgoblins
  15 jackals
  4 kobolds
  2 quokkas (D:2)
  6 bats
  6 frilled lizards
  2 rats (D:2)
77 creatures vanquished.

Notes
Turn   | Place    | Note
-------+----------+-------------------------------------------
     0 | D:1      | FailedNDead the Gargoyle Gladiator began the quest for the
                  | Orb.
     0 | D:1      | Reached XP level 1. HP: 12/12 MP: 1/1
    99 | D:1      | Reached XP level 2. HP: 15/17 MP: 2/2
   845 | D:1      | Reached XP level 3. HP: 21/21 MP: 3/3
  1212 | D:2      | Reached skill level 1 in Armour
  1553 | D:2      | Reached XP level 4. HP: 27/27 MP: 4/4
  2118 | D:2      | Reached skill level 1 in Stealth
  2278 | D:3      | Noticed Robin
  2311 | D:3      | Killed Robin
  2443 | D:3      | Found a faded altar of an unknown god.
  2451 | D:3      | Prayed at the altar of an unknown god.
  2451 | D:3      | Became a worshipper of Xom the Fickle
  2482 | D:3      | Reached skill level 1 in Short Blades
  2482 | D:3      | Reached XP level 5. HP: 24/31 MP: 5/5
  2768 | D:3      | XOM: divination: detect items
  2812 | D:3      | XOM: scenery: summon butterflies
  2858 | D:3      | Found a shimmering altar of Xom.
  3119 | D:3      | XOM: god gift: curved iron wand {god gift}
  3201 | D:3      | Found a stormy altar of Qazlal.
  3220 | D:3      | Fell from the grace of Xom
  3220 | D:3      | Became a worshipper of Qazlal Stormbringer
  3237 | D:3      | Noticed Terence
  3259 | D:3      | Killed Terence
  3293 | D:3      | XOM: give mutations
  3293 | D:3      | Gained mutation: You are dopey. (Int -2) [Xom's mischief]
  3293 | D:3      | Gained mutation: You sometimes lose the ability to read
                  | scrolls when taking damage. [Xom's mischief]
  3293 | D:3      | Gained mutation: Armour fits poorly on your strangely
                  | shaped body. [Xom's mischief]
  3293 | D:3      | Gained mutation: You are clumsy. (Dex -2) [Xom's mischief]
  3777 | D:4      | XOM: blink monster(s)
  3778 | D:4      | Slain by a gnoll

Illustrated notes

Levels and vault maps discovered:
D:1:      matt_arrival_grand_opening, layout_loops_ring, dk_noncrumbling_3
D:2:      layout_loops_ring
D:3:      layout_loops_ring, lemuel_tele_altar, lemuel_crystal_altar,
          basic_ecumenical_altar, uniq_terence, uniq_robin
D:4:      layout_basic, lightli_ossuary_entry_decrepit_ruins,
          kennysheep_small_square

Skill      XL: |  1  2  3  4  5 |
---------------+----------------+-----
Dodging        | 3 |  3.0
Armour         | 1 2 |  2.0
Stealth        | 1 |  1.8
Short Blades   | 1 2 |  2.0
Fighting       | 3 |  3.2
Maces & Flails | |  3.8
Throwing       | |  1.8

Action                   |  1- 3 |  4- 6 || total
-------------------------+-------+-------++-------
Melee: Flail             |   113 |       ||   113
       Rapier            |     2 |   143 ||   145
       Punch             |       |     3 ||     3
  Use: Potion            |       |     4 ||     4
       Scroll            |       |     2 ||     2
Armor: Leather armour    |    73 |       ||    73
       Plate armour      |       |   118 ||   118
Dodge: Dodged            |   100 |    53 ||   153
